 Dungeon Crawl Stone Soup version 0.24-a0-176-gc3651c4 (console) character file.

Game seed: 688267637641795440

39 Duffy the Ruffian (level 3, -2/28 HPs)
             Began as a Draconian Transmuter on Mar 12, 2019.
             Succumbed to a kobold's poison
             ... on level 1 of the Dungeon.
             The game lasted 00:01:49 (1870 turns).

Duffy the Ruffian (Draconian Transmuter)            Turns: 1870, Time: 00:01:50

Health: -2/28      AC:  7    Str: 12    XL:     3   Next: 28%
Magic:  4/6        EV: 12    Int: 19    God:
Gold:   35         SH:  0    Dex: 11    Spells: 0/6 levels left

rFire    . . .     SeeInvis .     - Unarmed
rCold    . . .     Gourm    .   (no shield)
rNeg     . . .     Faith    .   (armour unavailable)
rPois    .         Spirit   .   e - +2 hat
rElec    .         Reflect  .   (no cloak)
rCorr    .         Harm     .   (no gloves)
MR       .....                  (no boots)
Stlth    +.........             (no amulet)
HPRegen  0.09/turn              d - ring of flight
MPRegen  0.10/turn              p - ring of wizardry

@: brilliant, lethally poisoned (-2 -> -40), lightly drained
A: unfitting armour, cold-blooded, AC +5
a: Evoke Flight


You were on level 1 of the Dungeon.
You were not hungry.

You visited 1 branch of the dungeon, and saw 2 of its levels.

You collected 35 gold pieces.

Inventory:

Missiles
 a - 38 arrows
Armour
 e - a +2 hat (worn)
 o - a +1 hat
Jewellery
 d - a ring of flight (left hand)
 p - a ring of wizardry (right hand)
Scrolls
 i - a scroll of blinking {unknown}
 j - a scroll of teleportation {unknown}
 k - a scroll of remove curse {unknown}
 n - a scroll of amnesia {unknown}
 r - a scroll of enchant armour {unknown}
Potions
 f - a potion of lignification {unknown}
 g - a potion of curing {unknown}
 h - a potion of heal wounds {unknown}
 l - a potion of mutation {unknown}
 m - a potion of haste {unknown}
 q - a potion of flight {unknown}
Comestibles
 c - 2 rations


   Skills:
 - Level 1.1(0.6) Fighting
 + Level 1.9(1.5) Dodging
 + Level 3.7(3.2) Unarmed Combat
 - Level 2.0(1.5) Spellcasting
 - Level 2.8(2.4) Transmutations


You couldn't memorise any spells.
You knew the following spells:

 Your Spells              Type           Power        Failure   Level  Hunger
h - Spider Form           Tmut/Pois      ###.......   4%          3    ####...
j - Sticks to Snakes      Tmut           ###.....     1%          2    ###....
k - Beastly Appendage     Tmut           ###...       1%          1    ##.....

Your spell library contained the following spells:

 Spells                   Type           Power        Failure   Level  Hunger
 Ice Form                 Ice/Tmut       ###.....     12%         4    #####..
 Blade Hands              Tmut           ###.......   19%         5    ######.


Dungeon Overview and Level Annotations

Branches:
Dungeon (2/15)

Altars:


Innate Abilities, Weirdness & Mutations

Your plain brown scales are hard. (AC +5)
You cannot fit into any form of body armour.
You are cold-blooded and may be slowed by cold attacks.


Message History

The kobold is moderately wounded.
You feel sick.
The kobold hits you with a +0 short sword of venom.
You are more poisoned.
You bite the kobold!
You kill the kobold!
You feel very sick.
You feel very sick.
There is a stone staircase leading up here.
You see here a stone.
You feel very sick.
You climb upwards.
You feel very sick.
There is a stone staircase leading down here.
There is a lethal amount of poison in your body!
There is a lethal amount of poison in your body!
It was a potion of brilliance.
You feel clever all of a sudden.
Your transformation has ended.
Your +2 hat unmelds from your body.
You die...

#.# #.# #.# #.# #.# #)#
############ ###.#
...........###.#.##################
.................@.....[...........
.#########.###......###############
.# #.# #.#.##.# ### .# #.#
#.#.##.#############.# .# #####.#
#.#.##.#.............# .# #.....#
#.#.##.#.###########.# .# #.#####
#.#.##.#.# #.#
'#####.#######.#.##.#.# #.#
.......#....##.#.##.#.# #.#


There were no monsters in sight!

Vanquished Creatures
  An adder (D:2)
  A dart slug (D:1)
  A leopard gecko (D:1)
  2 giant cockroaches
  4 hobgoblins
  4 jackals (D:1)
  A kobold (D:2)
  3 bats (D:1)
  4 goblins
  3 rats
24 creatures vanquished.

Notes
Turn   | Place    | Note
-------+----------+-------------------------------------------
     0 | D:1      | Duffy the Draconian Transmuter began the quest for the Orb.
     0 | D:1      | Reached XP level 1. HP: 16/16 MP: 3/3
   445 | D:1      | Reached XP level 2. HP: 20/23 MP: 5/5
   987 | D:1      | Learned a level 2 spell: Sticks to Snakes
  1612 | D:1      | Reached XP level 3. HP: 5/28 MP: 4/6
  1617 | D:1      | Learned a level 3 spell: Spider Form
  1869 | D:1      | HP: 1/28 [poisoned by a kobold]
  1870 | D:1      | Succumbed to a kobold's poison

Levels and vault maps discovered:
D:1:      lightli_arrival_lavapool, layout_basic, kennysheep_nondescript,
          minmay_hedge_maze, minmay_pentomino_w2
D:2:      layout_basic, xom_teletrap_fun

Action                   || total
-------------------------++-------
Melee: Unarmed           ||   108
       Tailslap          ||    11
       Kick              ||     2
       Punch             ||     1
 Cast: Beastly Appendage ||     4
       Spider Form       ||     1
  Use: Potion            ||     1
  Eat: Chunk             ||     3
Armor: Skin              ||    45
Dodge: Dodged            ||    75

Table legend:
 A = Non-vault XP
 B = Vault XP
 C = Vault XP percentage of total XP
 D = Non-vault monster count
 E = Vault monster count
 F = Vault count percentage of total count
                 A         B        C        D         E       F
            +---------+---------+-------+---------+---------+-------
      Total |      56 |       1 |   1.8 |      23 |       1 |   4.2
            +---------+---------+-------+---------+---------+-------
        D:1 |      33 |       1 |   2.9 |      16 |       1 |   5.9
        D:2 |      23 |       0 |   0.0 |       7 |       0 |   0.0
            +---------+---------+-------+---------+---------+-------
